 Dungeon Crawl Stone Soup version 0.28-a0-662-g1651b1f1e0 (webtiles) character file.

Game seed: 14137599750323869251

4654 tilp the Thaumaturge (level 10, -8/74 HPs)
             Began as a Gnoll Hedge Wizard on Oct 15, 2021.
             Was a High Priest of Okawaru.
             Mangled by a two-headed ogre (22 damage)
             ... on level 8 of the Dungeon.
             The game lasted 00:24:45 (12740 turns).

tilp the Thaumaturge (Gnoll Hedge Wizard)          Turns: 12740, Time: 00:24:46

Health: -8/74      AC: 14    Str:  9    XL:     10   Next: 43%
Magic:  0/23       EV: 10    Int: 17    God:    Okawaru [*****.]
Gold:   191        SH:  0    Dex: 12    Spells: 12/27 levels left

rFire   . . .      SeeInvis .   b - +0 arbalest (venom)
rCold   . . .      Faith    .   (shield currently unavailable)
rNeg    . . .      Spirit   +   M - +3 scale mail
rPois   +          Reflect  .   c - +0 hat
rElec   .          Harm     .   I - +2 cloak {Stlth+}
rCorr   .          Rampage  .   (no gloves)
Will    .....                   p - +0 pair of boots
Stlth   +++.......              f - amulet of guardian spirit
HPRegen 0.22/turn               h - ring of poison resistance
MPRegen 0.18/turn               (no ring)

@: very slightly contaminated
A: fangs 1, strong nose, distributed training
a: Renounce Religion, Heroism, Finesse, Duel


You were on level 8 of the Dungeon.
You worshipped Okawaru.
Okawaru was extremely pleased with you.
You visited 1 branch of the dungeon, and saw 8 of its levels.

You collected 335 gold pieces.
You spent 144 gold pieces at shops.

Inventory:

Hand Weapons
 a - a +2 dagger of electrocution
 b - a +0 arbalest of venom (weapon)
 j - a +0 halberd
 r - a +0 flail of venom
 w - a +1 dagger of chaos
 x - a +0 scimitar of holy wrath
 F - a +2 quarterstaff of chaos
 G - a +2 dagger of protection
 N - a +0 morningstar
 P - a +4 flail
Missiles
 e - 116 sling bullets
 k - 32 poisoned darts
 l - 161 stones
 o - 11 boomerangs
 u - 114 arrows
 v - 24 bolts (quivered ammo)
 K - 2 datura-tipped darts
 O - 4 silver javelins
Armour
 c - a +0 hat (worn)
 i - a +0 cloak
 p - a +0 pair of boots (worn)
 s - a +0 ring mail
 y - a +0 robe
 I - a +2 cloak of stealth (worn)
 M - a +3 scale mail (worn)
Magical Staves
 g - a staff of earth
Jewellery
 f - an amulet of guardian spirit (around neck)
 h - a ring of poison resistance (left hand)
Wands
 t - a wand of flame (23)
 H - a wand of polymorph (6)
Scrolls
 n - 2 scrolls of fog
 q - 2 scrolls of teleportation
 A - 2 scrolls of amnesia
 C - a scroll of vulnerability
 L - a scroll of magic mapping
 Q - 2 scrolls of fear {unknown}
Potions
 d - 3 potions of mutation
 m - a potion of haste
 z - a potion of might
 B - 3 potions of curing
 D - 2 potions of berserk rage
 J - a potion of attraction


   Skills:
 + Level 5.2 Fighting
 + Level 5.2 Short Blades
 + Level 5.2 Long Blades
 + Level 5.2 Axes
 + Level 5.2 Maces & Flails
 + Level 5.2 Polearms
 + Level 5.2 Staves
 + Level 5.2 Slings
 + Level 5.2 Bows
 + Level 5.2 Crossbows
 + Level 5.2 Throwing
 + Level 5.2 Armour
 + Level 7.1 Dodging
 + Level 6.8 Stealth
 + Level 5.2 Shields
 + Level 5.2 Unarmed Combat
 + Level 9.0 Spellcasting
 + Level 4.9 Conjurations
 + Level 4.3 Hexes
 + Level 4.9 Summonings
 + Level 4.3 Necromancy
 + Level 4.9 Translocations
 + Level 4.3 Transmutations
 + Level 4.3 Fire Magic
 + Level 4.3 Ice Magic
 + Level 4.3 Air Magic
 + Level 4.3 Earth Magic
 + Level 4.3 Poison Magic
 + Level 5.8 Invocations
 + Level 5.2 Evocations


You had 12 spell levels left.
You knew the following spells:

 Your Spells              Type           Power      Damage    Failure   Level
a - Magic Dart            Conj           96%        1d7       9%          1
b - Blink                 Tloc           N/A        N/A       12%         2
c - Mephitic Cloud        Conj/Pois/Air  23%        N/A       28%         3
d - Slow                  Hex            22%        N/A       16%         2
e - Freeze                Ice            88%        1d10      11%         1
f - Ignite Poison         Fire/Tmut/Pois 22%        N/A       30%         3
g - Swiftness             Air            22%        N/A       30%         3

Your spell library contained the following spells:

 Spells                   Type           Power      Damage    Failure   Level
 Shock                    Conj/Air       92%        1d8       10%         1
 Corpse Rot               Necr/Air       N/A        N/A       16%         2
 Poisonous Vapours        Pois/Air       44%        N/A       16%         2
 Conjure Flame            Conj/Fire      23%        6-21      28%         3
 Frozen Ramparts          Ice            44%        1d6       30%         3
 Hailstorm                Conj/Ice       23%        3d7       67%         4
 Sticky Flame             Conj/Fire      23%        2d4       67%         4
 Airstrike                Air            11%        N/A       71%         4
 Call Imp                 Summ           Unusable   N/A       N/A         2

Dungeon Overview and Level Annotations

Branches:
Dungeon (8/15)             Temple (0/1) D:4
   Lair: D:8-11

Altars:
Fedhas
Kikubaaqudgha
Okawaru
Uskayaw
Xom

Shops:
D:6 !

Annotations:
D:5 rust monster vault, exclusion: downstairs


Innate Abilities, Weirdness & Mutations

You have very sharp teeth.
Your uncanny sense of smell can sniff out nearby items.
Your experience applies equally to all skills.


Message History

Something appears at your feet!
You shoot a bolt. The bolt hits the two-headed ogre!
The two-headed ogre looks as sick as possible!
The two-headed ogre is moderately wounded.
The two-headed ogre barely misses you.
The two-headed ogre hits you with a +0 giant spiked club.
You shoot a bolt.
The bolt hits the two-headed ogre but does no damage.
The two-headed ogre is moderately wounded.
The two-headed ogre hits you with a +0 giant club.
The two-headed ogre hits you with a +0 giant spiked club!
You shoot a bolt.
The bolt hits the two-headed ogre but does no damage.
The two-headed ogre is heavily wounded.
The two-headed ogre hits you with a +0 giant club!!
The two-headed ogre hits you with a +0 giant spiked club!!
* * * LOW HITPOINT WARNING * * *
Unknown command.
Casting: Magic Dart (safe; 9% risk of failure)
Confirm with . or Enter, or press ? or * to list all spells.
Aiming: Mephitic Cloud (dangerous; 28% risk of failure)
Press: ? - help, Shift-Dir - straight line, f/p - two-headed ogre
Aim: a two-headed ogre, wielding a +0 giant club and a +0 giant spiked club (severely wounded, very poisoned, chance to affect: 53%)
Okay, then.
Casting: Mephitic Cloud (dangerous; 28% risk of failure)
Confirm with . or Enter, or press ? or * to list all spells.
You blink.
Casting: Blink (safe; 12% risk of failure)
Confirm with . or Enter, or press ? or * to list all spells.
Aiming: Mephitic Cloud (dangerous; 28% risk of failure)
Press: ? - help, Shift-Dir - straight line, f/p - two-headed ogre
Aim: a two-headed ogre, wielding a +0 giant club and a +0 giant spiked club (translocational energy, severely wounded, very poisoned, chance to affect: 53%)
You miscast Mephitic Cloud.
You are very lightly contaminated with residual magic.
Sparks of electricity dance around you!
* * * LOW HITPOINT WARNING * * *
Unknown command.
The two-headed ogre closely misses you.
The two-headed ogre hits you with a +0 giant spiked club!!
You die...

.....†# #.# ..#.###
#.# ..#.# ####.####
#.#.#######.......#
............##.##.#
..##........##....#
####........####..#
# #..............#
# #.......#####@##
####.......# #O.#
...........# ##.#
###.###.#### #.#
###.###.# #.#
#.[.....# #.#
#.#.##### #.#
....#############.#
.................<#


You could see a two-headed ogre (poisoned).

Vanquished Creatures
  Erica (D:8)
  A cyclops (D:6)
  Psyche (D:8)
  Grinder (D:4)
  A dream sheep (shapeshifter) (D:7)
  3 yaks (D:8)
  Eustachio (D:4)
  Menkaure (D:4)
  A water moccasin (D:7)
  An orc warrior (D:6)
  2 ogres
  A centaur (D:7)
  2 necrophages (D:4)
  Blork the orc (D:3)
  A bullfrog (D:6)
  2 scorpions
  4 killer bees (D:8)
  4 wights (D:8)
  A howler monkey (D:8)
  4 crimson imps
  A centaur zombie (D:7)
  2 hounds
  2 bullfrog zombies
  2 orc priests
  Crazy Yiuf (D:2)
  2 gnoll shamans
  3 jellies
  2 bullfrog skeletons
  Natasha (thrice) (D:2)
  An iguana (D:7)
  8 orc wizards
  A hound skeleton (D:4)
  10 gnolls
  5 adders
  A shadow imp (D:5)
  A white imp (D:8)
  An adder skeleton (D:4)
  5 dart slugs
  26 orcs
  7 ball pythons
  7 giant cockroaches
  4 goblins
  8 hobgoblins
  7 quokkas
  4 bats
  3 frilled lizards
  4 kobolds
  4 rats
159 creatures vanquished.

Vanquished Creatures (others)
  7 fungi (D:3)
  31 plants
38 creatures vanquished.

Grand Total: 197 creatures vanquished

Notes
Turn   | Place    | Note
-------+----------+-------------------------------------------
     0 | D:1      | tilp the Gnoll Hedge Wizard began the quest for the Orb.
     0 | D:1      | Reached XP level 1. HP: 13/13 MP: 8/8
   328 | D:1      | Reached XP level 2. HP: 19/19 MP: 1/10
   331 | D:1      | Learned a level 2 spell: Call Imp
   334 | D:1      | Learned a level 2 spell: Blink
   337 | D:1      | Learned a level 2 spell: Slow
   767 | D:1      | Found a faded altar of an unknown god.
   791 | D:1      | Prayed at the altar of an unknown god.
   791 | D:1      | Became a worshipper of Warmaster Okawaru
   791 | D:1      | Reached * piety under Okawaru
  1063 | D:2      | Reached XP level 3. HP: 25/25 MP: 11/11
  1297 | D:2      | Reached skill level 1 in Invocations
  1503 | D:2      | Found a hide-covered altar of Uskayaw.
  1510 | D:2      | Reached skill level 1 in Fighting
  1510 | D:2      | Reached skill level 1 in Short Blades
  1510 | D:2      | Reached skill level 1 in Long Blades
  1510 | D:2      | Reached skill level 1 in Axes
  1510 | D:2      | Reached skill level 1 in Maces & Flails
  1510 | D:2      | Reached skill level 1 in Polearms
  1510 | D:2      | Reached skill level 1 in Staves
  1510 | D:2      | Reached skill level 1 in Slings
  1510 | D:2      | Reached skill level 1 in Bows
  1510 | D:2      | Reached skill level 1 in Crossbows
  1510 | D:2      | Reached skill level 1 in Throwing
  1510 | D:2      | Reached skill level 1 in Armour
  1510 | D:2      | Reached skill level 1 in Shields
  1510 | D:2      | Reached skill level 1 in Unarmed Combat
  1510 | D:2      | Reached skill level 1 in Evocations
  1654 | D:2      | Reached XP level 4. HP: 30/32 MP: 4/13
  1735 | D:2      | Found a runed translucent door.
  1736 | D:2      | Noticed Crazy Yiuf
  1811 | D:2      | Noticed Natasha
  1823 | D:2      | Killed Natasha
  1920 | D:2      | Reached skill level 1 in Hexes
  1920 | D:2      | Reached skill level 1 in Necromancy
  1920 | D:2      | Reached skill level 1 in Transmutations
  1920 | D:2      | Reached skill level 1 in Fire Magic
  1920 | D:2      | Reached skill level 1 in Ice Magic
  1920 | D:2      | Reached skill level 1 in Air Magic
  1920 | D:2      | Reached skill level 1 in Earth Magic
  1920 | D:2      | Reached skill level 1 in Poison Magic
  1977 | D:2      | Noticed Natasha
  2010 | D:2      | Killed Natasha
  2370 | D:2      | Learned a level 1 spell: Freeze
  2439 | D:2      | Reached XP level 5. HP: 37/37 MP: 7/14
  2923 | D:2      | Noticed Natasha
  2934 | D:2      | Killed Natasha
  3515 | D:3      | Reached ** piety under Okawaru
  3581 | D:3      | Found a blossoming altar of Fedhas.
  3672 | D:3      | Reached XP level 6. HP: 44/44 MP: 4/16
  4175 | D:4      | Noticed Eustachio
  4213 | D:4      | Noticed a necrophage
  4215 | D:4      | Killed a necrophage
  4216 | D:4      | Reached skill level 5 in Dodging
  4383 | D:4      | Found a staircase to the Ecumenical Temple.
  4448 | D:4      | Noticed Menkaure
  4466 | D:4      | Killed Menkaure
  4467 | D:4      | Reached XP level 7. HP: 25/50 MP: 5/18
  4840 | D:4      | Noticed Grinder
  5146 | D:4      | Killed Eustachio
  5146 | D:4      | Reached *** piety under Okawaru
  5147 | D:4      | Reached skill level 5 in Stealth
  5197 | D:4      | Found a shimmering altar of Xom.
  5338 | D:4      | Noticed Blork the orc
  5535 | D:4      | Paralysed by Grinder for 7 turns
  5543 | D:4      | Killed Grinder
  5544 | D:4      | Reached XP level 8. HP: 15/57 MP: 3/19
  6238 | D:3      | Killed Blork the orc
  6595 | D:5      | Entered Level 5 of the Dungeon
  7113 | D:4      | Found a staircase to the Ecumenical Temple.
  7162 | D:4      | Reached skill level 8 in Spellcasting
  8026 | D:5      | Found an ancient bone altar of Kikubaaqudgha.
  8030 | D:5      | Reached **** piety under Okawaru
  8417 | D:6      | Found Luurat's Distillery.
  8420 | D:6      | Bought a potion of lignification for 36 gold pieces
  8420 | D:6      | Bought a potion of invisibility for 96 gold pieces
  8420 | D:6      | Bought a potion of degeneration for 12 gold pieces
  8516 | D:5      | Noticed a rust devil
  8516 | D:5      | Noticed a rust devil
  8580 | D:6      | Reached XP level 9. HP: 53/65 MP: 15/21
  8875 | D:6      | Noticed a cyclops
  9237 | D:6      | Killed a cyclops
  9596 | D:2      | Killed Crazy Yiuf
  9793 | D:7      | Noticed a glowing shapeshifter
  9793 | D:7      | a gnoll changed into a glowing shapeshifter
  9793 | D:7      | Noticed a shining eye
  9793 | D:7      | a glowing shapeshifter changed into a shining eye
  9796 | D:7      | Noticed a mana viper
  9796 | D:7      | a shining eye changed into a mana viper
  9799 | D:7      | Noticed a glowing shapeshifter
  9799 | D:7      | a mana viper changed into a glowing shapeshifter
  9800 | D:7      | Noticed a deep troll
  9800 | D:7      | a glowing shapeshifter changed into a deep troll
  9802 | D:7      | a deep troll changed into a snapping turtle
  9805 | D:7      | Noticed a water nymph
  9805 | D:7      | a snapping turtle changed into a water nymph
 10572 | D:7      | Noticed an elephant
 10572 | D:7      | a redback changed into an elephant
 10581 | D:7      | Noticed a jumping spider
 10581 | D:7      | an elephant changed into a jumping spider
 10582 | D:7      | Noticed a moth of wrath
 10582 | D:7      | a jumping spider changed into a moth of wrath
 10583 | D:7      | a moth of wrath changed into a dream sheep
 10589 | D:7      | Reached skill level 5 in Invocations
 11389 | D:8      | Learned a level 3 spell: Mephitic Cloud
 11393 | D:8      | Learned a level 3 spell: Ignite Poison
 11397 | D:8      | Learned a level 3 spell: Swiftness
 11782 | D:8      | Received a gift from Okawaru
 11845 | D:8      | Noticed Erica
 11984 | D:8      | Noticed a two-headed ogre
 12071 | D:8      | Reached XP level 10. HP: 70/73 MP: 15/22
 12083 | D:8      | Reached skill level 5 in Fighting
 12083 | D:8      | Reached skill level 5 in Short Blades
 12083 | D:8      | Reached skill level 5 in Long Blades
 12083 | D:8      | Reached skill level 5 in Axes
 12083 | D:8      | Reached skill level 5 in Maces & Flails
 12083 | D:8      | Reached skill level 5 in Polearms
 12083 | D:8      | Reached skill level 5 in Staves
 12083 | D:8      | Reached skill level 5 in Slings
 12083 | D:8      | Reached skill level 5 in Bows
 12083 | D:8      | Reached skill level 5 in Crossbows
 12083 | D:8      | Reached skill level 5 in Throwing
 12083 | D:8      | Reached skill level 5 in Armour
 12083 | D:8      | Reached skill level 5 in Shields
 12083 | D:8      | Reached skill level 5 in Unarmed Combat
 12083 | D:8      | Reached skill level 5 in Evocations
 12244 | D:8      | Noticed Psyche
 12279 | D:8      | Killed Psyche
 12431 | D:8      | Killed Erica
 12431 | D:8      | Reached ***** piety under Okawaru
 12432 | D:8      | Reached skill level 9 in Spellcasting
 12711 | D:8      | Received a gift from Okawaru
 12740 | D:8      | Mangled by a two-headed ogre

Illustrated notes

Levels and vault maps discovered:
D:1:      nagdon_arrival_double_spiral, layout_loops_ring,
          shapermc_ecumenical_altar_notcrosses, minmay_tromino_mix6
D:2:      wad_woods_tower, layout_basic, basic_altar, grunt_ministairs_7,
          uniq_natasha, uniq_crazy_yiuf_cottage
D:3:      layout_loops_ring, fedhas_altar_3, minivault_19
D:4:      layout_rooms, led_xom_imps, minmay_temple_entry_gardened_gates,
          eino_tiny_chamber, minmay_misc_feat_roman, uniq_grinder,
          uniq_menkaure, uniq_blork_the_orc, uniq_eustachio
D:5:      cheibrodos_iron_armory, layout_loops_ring, kiku_gazebo_garden_becter
D:6:      layout_loops_ring, serial_shops, kennysheep_mini
D:7:      layout_basic
D:8:      layout_loops_cross, uniq_joseph, uniq_psyche, uniq_erica, uniq_grum

Skill      XL: |  1  2  3  4  5  6  7  8  9 10 |
---------------+-------------------------------+-----
Conjurations   | 2 3 4 |  4.9
Summonings     | 2 3 4 |  4.9
Translocations | 2 3 4 |  4.9
Invocations    | 1 2 3 4 5 |  5.8
Fighting       | 1 2 3 4 5 |  5.2
Short Blades   | 1 2 3 4 5 |  5.2
Long Blades    | 1 2 3 4 5 |  5.2
Axes           | 1 2 3 4 5 |  5.2
Maces & Flails | 1 2 3 4 5 |  5.2
Polearms       | 1 2 3 4 5 |  5.2
Staves         | 1 2 3 4 5 |  5.2
Slings         | 1 2 3 4 5 |  5.2
Bows           | 1 2 3 4 5 |  5.2
Crossbows      | 1 2 3 4 5 |  5.2
Throwing       | 1 2 3 4 5 |  5.2
Armour         | 1 2 3 4 5 |  5.2
Shields        | 1 2 3 4 5 |  5.2
Unarmed Combat | 1 2 3 4 5 |  5.2
Evocations     | 1 2 3 4 5 |  5.2
Hexes          | 1 2 3 4 |  4.3
Necromancy     | 1 2 3 4 |  4.3
Transmutations | 1 2 3 4 |  4.3
Fire Magic     | 1 2 3 4 |  4.3
Ice Magic      | 1 2 3 4 |  4.3
Air Magic      | 1 2 3 4 |  4.3
Earth Magic    | 1 2 3 4 |  4.3
Poison Magic   | 1 2 3 4 |  4.3
Dodging        | 5 6 7 |  7.1
Stealth        | 5 6 |  6.8
Spellcasting   | 8 9 |  9.0

Action                   |  1- 3 |  4- 6 |  7- 9 | 10-12 || total
-------------------------+-------+-------+-------+-------++-------
Melee: Dagger            |    64 |    99 |   362 |    49 ||   574
       Bite              |    10 |     9 |    44 |     3 ||    66
       Mace              |     1 |       |       |       ||     1
       Punch             |       |       |    11 |     1 ||    12
       Quarterstaff      |       |       |    30 |       ||    30
       Arbalest          |       |       |     1 |       ||     1
 Fire: Arbalest          |       |       |     9 |     7 ||    16
Throw: Dart              |       |     3 |       |       ||     3
 Cast: Magic Dart        |    72 |    85 |   201 |     1 ||   359
       Slow              |       |     2 |    16 |       ||    18
       Freeze            |       |       |    30 |       ||    30
       Mephitic Cloud    |       |       |       |     3 ||     3
       Ignite Poison     |       |       |       |     3 ||     3
       Blink             |       |       |       |     2 ||     2
Invok: Heroism           |       |       |     3 |     2 ||     5
       Finesse           |       |       |       |     1 ||     1
Evoke: Wand              |       |       |     3 |       ||     3
  Use: Scroll            |     1 |     5 |     7 |       ||    13
       Potion            |       |       |     1 |     1 ||     2
 Stab: Sleeping          |     5 |     2 |     5 |     1 ||    13
Armor: Robe              |    23 |    19 |       |       ||    42
       Ring mail         |       |    12 |   176 |       ||   188
       Scale mail        |       |       |     7 |    12 ||    19
       Skin              |       |       |       |    14 ||    14
Dodge: Dodged            |    53 |    75 |   159 |    20 ||   307

Table legend: (Time is in decaauts)
 A = Elapsed time spent in this place.
 B = Non-inter-level travel time spent in this place.
 C = Inter-level travel time spent in this place.
 D = Time resting spent in this place.
 E = Time spent auto-exploring this place.
 F = Levels seen in this place.
 G = Mean time per level.
                   A        B        C        D        E       F      G
               +--------+--------+--------+--------+--------+-----+--------+
         Total |  12678 |  11814 |    864 |   1991 |   7645 |   8 | 1584.8 |
       Dungeon |  12678 |  11814 |    864 |   1991 |   7645 |   8 | 1584.8 |
               +--------+--------+--------+--------+--------+-----+--------+

Top non-repeatable levels by time:
     D:2: 2425 daAuts
     D:4: 2003 daAuts
     D:3: 1881 daAuts
     D:7: 1509 daAuts
     D:5: 1286 daAuts
     D:8: 1266 daAuts
     D:6: 1243 daAuts
     D:1: 1062 daAuts
